 Dungeon Crawl Stone Soup version 0.30.0-18-gc0e69614cb (webtiles) character file.

Game seed: 4608106984640000212

79 javelincjr the Conjurer (level 4, -5/28 HPs)
             Began as an Octopode Conjurer on May 23, 2023.
             Slain by an orc priest
             ... wielding a +0 flail
              (8 damage)
             ... on level 2 of the Dungeon.
             The game lasted 00:06:27 (2106 turns).

javelincjr the Conjurer (Octopode Conjurer)         Turns: 2106, Time: 00:06:28

Health: -5/28      AC:  1    Str:  6    XL:     4   Next: 37%
Magic:  3/7        EV: 13    Int: 22    God:
Gold:   134        SH:  0    Dex: 10    Spells: 5/8 levels left

rFire   . . .        (no weapon)
rCold   . . .        (no shield)
rNeg    . . .        (helmet restricted)
rPois   .            (no amulet)
rElec   .            (no ring)
rCorr   .            (no ring)
SInv    .            (no ring)
Will    .....        (no ring)
Stlth   +++          (no ring)
HPRegen 0.24/turn    (no ring)
MPRegen 0.10/turn    (no ring)
                     (no ring)

%: no passive effects
@: no status effects
A: almost no armour, amphibious, 8 rings, camouflage 1, gelatinous body 1,
(nimble swimmer 1), tentacles
a: no special abilities


You were on level 2 of the Dungeon.
You visited 1 branch of the dungeon, and saw 3 of its levels.

You collected 134 gold pieces.

Inventory:

Scrolls
 c - a scroll of identify {unknown}
 e - a scroll of teleportation {unknown}
Potions
 a - a potion of magic
 b - 3 potions of curing {unknown}
 d - a potion of attraction {unknown}
 f - a potion of lignification {unknown}
 g - a potion of heal wounds {unknown}
 h - a potion of berserk rage {unknown}


   Skills:
 + Level 1.0 Fighting
 + Level 2.6 Dodging
 + Level 3.7 Stealth
 + Level 0.6 Unarmed Combat
 + Level 2.5 Spellcasting
 + Level 4.3 Conjurations


You had 5 spell levels left.
You knew the following spells:

 Your Spells              Type           Power      Damage    Failure   Level
a - Magic Dart            Conj           88%        1d7       2%          1
b - Searing Ray           Conj           44%        2d6       3%          2

Your spell library contained the following spells:

 Spells                   Type           Power      Damage    Failure   Level
 Static Discharge         Conj/Air       24%        2-3/arc   8%          2
 Dazzling Flash           Conj/Hex       24%        N/A       16%         3
 Fulminant Prism          Conj/Hex       6%         3d6       45%         4
 Iskenderun's Mystic Bla  Conj/Tloc      12%        2d5       45%         4
 Airstrike                Air            1%         2d(1-17)  78%         4
 Summon Lightning Spire   Summ/Air       2%         N/A       78%         4


Dungeon Overview and Level Annotations

Branches:
Dungeon (3/15)

Altars:
Gozag

Shops:
D:2 :


Innate Abilities, Weirdness & Mutations

You cannot wear most types of armour.
You are amphibious.
You can wear up to eight rings at the same time.
Your skin changes colour to match your surroundings (Stealth+).
Your rubbery body absorbs attacks. (AC +1, EV +1)
((You are camouflaged when in or above water. (Stealth+)))
You have tentacles for arms and can constrict up to eight enemies at once.


Message History

The orc hits you with a +0 club.
The orc priest struggles to escape constriction.
You barely miss the orc priest.
The orc priest is moderately wounded.
You constrict the orc priest. The orc closely misses you.
The orc priest hits you with a +0 flail!
You tentacle-slap the orc priest but do no damage.
You squeeze the orc priest, but do no damage.
The orc priest is moderately wounded.
You constrict the orc priest. The orc hits you but does no damage.
The orc priest miscasts a cantrip.
You release your grip on the orc priest.
The orc priest begins to cast a cantrip, but forgets the words!
The orc hits you with a +0 club.
* * * LOW HITPOINT WARNING * * *
The orc priest misses you. The orc hits you with a +0 club.
* * * LOW HITPOINT WARNING * * *
You climb upwards.
There is a stone staircase leading down here.
The orc completely misses you. The orc attacks as you move away!
The orc hits you with a +0 club.
* * * LOW HITPOINT WARNING * * *
Casting: Magic Dart (safe; 2% risk of failure)
Confirm with . or Enter, or press ? or * to list all spells.
Aiming: Searing Ray (safe; 3% risk of failure)
Press: ? - help, Shift-Dir - straight line, f - orc
Aim: an orc, wielding a +0 club (78% to hit)
The searing ray hits the orc but does no damage.
The searing ray hits the orc!
You kill the orc! (Press . to maintain the ray.)
The orc hits you with a +0 club.
* * * LOW HITPOINT WARNING * * *
Your Fighting skill increases to level 1!
The searing ray hits the orc!
You kill the orc!
The searing ray hits the orc priest.
The orc priest is almost dead.
The orc priest hits you with a +0 flail!
You die...

#.....)..... #.#########.
#.#<........ #.##########
### #...........
#.#######################
#....o.>)................
#.####.#o######..########
#.# #.#@## ##.........
#.# #.#..#### #####....#
#.# ##'##.#(.#######.#...
#.# #.....#.)'.......#...
#.###...######...........
#...'...'................
#####..†#######....####..
#......<# #....# #.#
#....#### #....# #.#


You could see an orc priest.

Vanquished Creatures
  Terence (D:2)
  A dart slug (D:2)
  2 orcs (D:2)
  6 bats
  6 endoplasms
  2 giant cockroaches (D:1)
  5 goblins
  A hobgoblin (D:2)
  7 jackals
  A kobold (D:1)
  A quokka (D:1)
  4 ball pythons
  7 frilled lizards
  2 rats
46 creatures vanquished.

Notes
Turn   | Place    | Note
-------+----------+-------------------------------------------
     0 | D:1      | javelincjr the Octopode Conjurer began the quest for the
                  | Orb.
     0 | D:1      | Reached XP level 1. HP: 11/11 MP: 3/3
   118 | D:1      | Reached XP level 2. HP: 15/17 MP: 0/5
   640 | D:1      | Reached XP level 3. HP: 9/21 MP: 0/6
   963 | D:2      | Found an opulent altar of Gozag.
   965 | D:2      | Noticed Terence
  1020 | D:1      | Learned a level 2 spell: Searing Ray
  1030 | D:2      | Killed Terence
  1373 | D:2      | Found Gopeh's Vocational Training.
  1405 | D:2      | Reached XP level 4. HP: 27/27 MP: 5/7
  2105 | D:2      | Reached skill level 1 in Fighting
  2106 | D:2      | Slain by an orc priest

Illustrated notes

Levels and vault maps discovered:
D:1:      minmay_arrival_solitary_statue, layout_loops_ring, dk_noncrumbling_3,
          grunt_decor_cap
D:2:      layout_basic, basic_altar, supply_closet_lemuel,
          nicolae_shop_vocational, uniq_terence
D:3:      kb_forest_paths, layout_basic, palyth_temple_overflow_mages, uniq_ijyb

Skill      XL: |  1  2  3  4 |
---------------+-------------+-----
Stealth        | 3 |  3.7
Fighting       | 1 |  1.0
Dodging        | |  2.6
Unarmed Combat | |  0.6
Spellcasting   | |  2.5
Conjurations   | |  4.3

Action                     |  1- 3 |  4- 6 || total
---------------------------+-------+-------++-------
  Melee: Unarmed           |    25 |    10 ||    35
         Constrict         |     6 |     3 ||     9
         Tentacles         |     2 |     4 ||     6
   Cast: Magic Dart        |    38 |    22 ||    60
         Searing Ray       |     1 |     1 ||     2
   Stab: Sleeping          |     3 |     2 ||     5
 Armour: Skin              |     1 |     1 ||     2
  Dodge: Dodged            |    17 |     6 ||    23
